K2, chaotic female elven Priestess ------- ------------ |)))).| |...........# |)))).| #-.<........| |[))).| ###--------.--- |)))).| # # |)))).-### ### |).)).| # ------- -----.----- |.........|# # |..........##B@# |.........| ### |.........| |.........| ----------- K2 the Acolyte Experience level: 3 Strength: 13 Dexterity: 14 Constitution: 12 Intelligence: 9 Wisdom: 20 Charisma: 8 Health: 0(25) Energy: 6(36) Def: 8 Gold: 508 Moves: 1570 Dungeon seed: qNylW4mpWi8A54vg Game ID: K2_1465789767 Your Inventory: Coins $ - 508 gold pieces Weapons a - a blessed +1 mace (weapon in hand) Armor A - an uncursed +0 robe (being worn) B - an uncursed +0 studded leather armor (being worn) C - an uncursed +0 small shield (being worn) F - an uncursed +0 pair of high boots (being worn) Comestibles c - an uncursed clove of garlic d - an uncursed sprig of wolfsbane Scrolls i - a cursed scroll of identify x - an uncursed scroll of identify Spellbooks f - an uncursed spellbook of identify g - an uncursed spellbook of light k - an uncursed spellbook of detect food Potions b - 4 potions of holy water p - a cursed potion of hallucination s - an uncursed potion of extra healing w - an uncursed potion of booze Tools h - an uncursed tooled horn l - an uncursed oil lamp (0:1280) u - an uncursed tin whistle Gems q - an uncursed aquamarine stone y - an uncursed touchstone Spells and supernatural/magical abilities: Name Level Category Fail Memory l - light 1 divination 0% 93% I - identify 3 divination 55% 93% W - pray for help -- divine ? -- X - turn undead -- divine ? -- Your skills at the end: Fighting Skills Weapon Skills mace [Basic] Spellcasting Skills clerical spells [Basic] Final Attributes: You were piously aligned. You had infravision. You are dead. Vanquished creatures: an iguana a gas spore a hobbit 3 geckos 5 jackals 2 foxes 2 kobolds a goblin a sewer rat 2 grid bugs 2 lichens 4 kobold zombies 2 newts 27 creatures vanquished. Voluntary challenges: You were an atheist. You used a wielded weapon 29 times, starting on turn 2. You were illiterate. You never genocided any monsters. You never polymorphed an object. You never changed form. You used no wishes. You never split a pudding. You never wrote Elbereth's name. You never violated your personal moral code. You abstained from Elbereth's help. Dungeon overview: The Dungeons of Doom: levels 1 to 4 Level 1 an altar to Venus, a fountain a long staircase Level 2 some fountains Level 3 a weapon shop Level 4 <- You were here a weapon shop History has recorded: On T:1 you entered the Dungeons of Doom to retrieve the Amulet of Yendor! On T:276 you reached level 2 of The Dungeons of Doom. On T:280 you advanced to experience level 2. On T:851 you reached level 3 of The Dungeons of Doom. On T:1066 you advanced to experience level 3. On T:1476 you reached level 4 of The Dungeons of Doom. Score breakdown: Gold: 508 ( 9207 points) Experience: 3 levels ( 7878 points) Exploration: 4 levels ( 7.55%) ( 7205 points) Discoveries: 2 items ( 0.70%) ( 2508 points) Valuables value: (no points given unless you survive) Artifact value: 0 ( 0 points) Variety of kills: 13 monsters ( 3.41%) ( 5541 points) Turncount: 1570 turns ( 0 points) Survival: died (score multiplied by 80%) Total score: 25871 Latest messages: You see here 9 uncursed darts (18 zorkmids). You see here a cursed throwing spear (4 zorkmids). You see here a cursed chain mail (100 zorkmids). You see here an uncursed two-handed sword (66 zorkmids). You see here 9 uncursed darts (18 zorkmids). You see here an uncursed bow (80 zorkmids). An uncursed pair of high boots; you bought it for 21 gold pieces. "Thank you for shopping in Corignac's antique weapons outlet!" You start equipping your pair of high boots. You are now wearing a pair of high boots. Moving: F - an uncursed +0 pair of high boots (being worn). You see here a cursed staff (6 zorkmids). You see here an uncursed spear (4 zorkmids). You hear the chime of a cash register. The bat bites! The bat misses. The bat bites! (4x) You hit the gas spore. The bat bites! (2x) You kill the gas spore! You are caught in the gas spore's explosion! Final status: Goodbye K2 the Priestess, killed by a gas spore's explosion... You died in The Dungeons of Doom on dungeon level 4 with 25871 points, and 508 pieces of gold, after 1570 moves. You were level 3 with a maximum of 25 hit points when you died.